 Dungeon Crawl Stone Soup version 0.28.0-53-g5a82cb258f (webtiles) character file.

Game seed: 5253840518123114433

2461 DwarfAlpaca the Arsonist (level 9, 0/54 (57) HPs)
             Began as a Demonspawn Fire Elementalist on June 24, 2022.
             Slain by a wight
             ... wielding a +0 short sword
              (4 damage)
             ... on level 9 of the Dungeon.
             The game lasted 00:48:00 (8404 turns).

DwarfAlpaca the Arsonist (DsFE)                     Turns: 8404, Time: 00:48:01

HP:   0/54 (57)     AC:  5    Str:  9    XL:     9   Next: 26%
MP:   0/19          EV: 12    Int: 26    God:
Gold: 345           SH:  0    Dex: 13    Spells: 13/21 levels left

rFire   . . .      SeeInvis .   q - +1 dagger "Giantbane" {vorpal, rC+ Int+5}
rCold   + . .      Faith    .   (no shield)
rNeg    . . .      Spirit   +   a - +0 robe
rPois   .          Reflect  .   (no helmet)
rElec   .          Harm     .   s - +0 cloak
rCorr   .          Rampage  .   (no gloves)
Will    +....                   y - +0 pair of boots
Stlth   ++........              (no amulet)
HPRegen 0.18/turn               z - ring of willpower
MPRegen 0.32/turn               (no ring)

@: drained
A: magic shield, magic regeneration, sharp scales 1
a: no special abilities


You were on level 9 of the Dungeon.
You visited 2 branches of the dungeon, and saw 10 of its levels.

You collected 345 gold pieces.

Inventory:

Hand Weapons
 q - the +1 dagger "Giantbane" (weapon) {vorpal, rC+ Int+5}
   (You found it on level 3 of the Dungeon)

   It inflicts extra damage upon your enemies.
   Int:       It affects your intelligence (+5).
   rC:        It protects you from cold.
Armour
 a - a +0 robe (worn)
 h - an orb of mayhem
 r - an orb of energy
 s - a +0 cloak (worn)
 y - a +0 pair of boots (worn)
Jewellery
 z - a ring of willpower (left hand)
Wands
 m - a wand of flame (38)
Scrolls
 b - 2 scrolls of blinking {unknown}
 c - 3 scrolls of identify {unknown}
 d - 7 scrolls of teleportation {unknown}
 g - a scroll of magic mapping {unknown}
 i - a scroll of amnesia {unknown}
 t - a scroll of immolation {unknown}
 v - a scroll of summoning {unknown}
 x - a scroll of fear {unknown}
Potions
 e - 2 potions of attraction {unknown}
 f - 2 potions of berserk rage
 j - 2 potions of heal wounds
 k - 2 potions of ambrosia {unknown}
 l - 3 potions of curing {unknown}
 n - a potion of magic {unknown}
 o - a potion of degeneration {unknown}
 p - a potion of brilliance {unknown}
 u - a potion of resistance {unknown}
 w - a potion of lignification {unknown}
 A - 2 potions of might {unknown}


   Skills:
 - Level 2.4 Dodging
 - Level 2.6 Stealth
 + Level 6.7 Spellcasting
 - Level 2.2 Conjurations
 * Level 9.4 Fire Magic


You had 13 spell levels left.
You knew the following spells:

 Your Spells              Type           Power      Damage    Failure   Level
a - Foxfire               Conj/Fire      100%       2x1d9     1%          1
b - Conjure Flame         Conj/Fire      39%        6-21      1%          3
c - Flame Wave            Conj/Fire      39%        2d9       6%          4

Your spell library contained the following spells:

 Spells                   Type           Power      Damage    Failure   Level
 Scorch                   Fire           100%       2d10      1%          2
 Inner Flame              Hex/Fire       33%        N/A       2%          3
 Freeze                   Ice            32%        1d5       6%          1
 Sublimation of Blood     Necr           8%         N/A       10%         2
 Wereblood                Tmut           8%         N/A       10%         2
 Frozen Ramparts          Ice            16%        1d3       19%         3
 Gell's Gravitas          Tloc           8%         N/A       19%         3
 Lesser Beckoning         Tloc           8%         N/A       19%         3
 Teleport Other           Tloc           8%         N/A       19%         3
 Hailstorm                Conj/Ice       14%        3d5       38%         4
 Summon Hydra             Summ           4%         N/A       100%        7


Dungeon Overview and Level Annotations

Branches:
Dungeon (11/15)            Temple (1/1) D:6
   Lair: D:8-11         Orc: D:9-12

Altars:
Ashenzari
Cheibriados
Dithmenos
Elyvilon
Fedhas
Gozag
Hepliaklqana
Kikubaaqudgha
Makhleb
Okawaru
Ru
Sif Muna
Wu Jian
Xom
Zin
The Shining One


Innate Abilities, Weirdness & Mutations

When hurt, damage is shared between your health and your magic reserves.
You regenerate magic rapidly.
You are partially covered in razor-sharp scales. (AC +1, Slay +1)


Message History

A wave of flame ripples out!
The flame wave engulfs the wight!
The wight is almost destroyed.
The flame wave engulfs the wight.
You destroy the wight! (Press . to intensify the flame waves.)
The wight hits you with a +0 short sword.
* * * LOW HITPOINT WARNING * * *
You feel drained.
Your magical contamination has completely faded away.
Casting: Flame Wave (dangerous; 6% risk of failure)
Confirm with . or Enter, or press ? or * to list all spells.
You conjure some foxfire!
The wight hits you with a +0 short sword.
* * * LOW HITPOINT WARNING * * *
The foxfire hits the wight but does no damage.
The wight is almost destroyed.
The foxfire hits the wight but does no damage.
The wight is almost destroyed.
You hit the wight but do no damage.
The wight is almost destroyed.
The wight hits you with a +0 short sword.
* * * LOW HITPOINT WARNING * * *
You feel drained.
You barely miss the wight.
The wight is almost destroyed.
The wight barely misses you.
You hit the wight but do no damage.
The wight is almost destroyed.
The wight barely misses you.
You hit the wight but do no damage.
The wight is almost destroyed.
The wight hits you with a +0 short sword.
* * * LOW HITPOINT WARNING * * *
You feel drained.
* * * LOW HITPOINT WARNING * * *
Casting: Foxfire (safe; 1% risk of failure)
Confirm with . or Enter, or press ? or * to list all spells.
You conjure some foxfire!
The wight hits you with a +0 short sword.
You die...

#...........##
#.....##....##
##....##.[..##
######...)##....#.
#.....).........#.
#...............#.
#.........##....##
#v........##....#
#@z.##....##....#
#.v.########....#
#..........#....#
#..........#....#
#..........#....#
#..........#....#
#################


You could see a wight (ally target).

Vanquished Creatures
  A two-headed ogre (D:9)
  A shadow (D:10)
  2 ogres (D:4)
  A centaur (D:9)
  A black bear (D:4)
  A wyvern zombie (D:4)
  A bullfrog (D:9)
  2 scorpions (D:6)
  10 killer bees
  2 wights (D:9)
  A bullfrog zombie (D:5)
  A centaur zombie (D:10)
  2 hounds
  3 orc priests
  Crazy Yiuf (D:4)
  3 iguanas
  3 orc wizards
  A hound skeleton (D:4)
  A howler monkey zombie (D:9)
  5 gnolls
  5 adders
  An ufetubus (D:3)
  A worm (D:4)
  2 dart slugs
  12 orcs
  4 bats
  11 endoplasms
  4 giant cockroaches
  4 hobgoblins
  8 jackals
  3 quokkas
  10 ball pythons
  6 frilled lizards
  11 goblins
  7 kobolds
  5 rats
137 creatures vanquished.

Vanquished Creatures (others)
  381 foxfires
  5 plants
386 creatures vanquished.

Grand Total: 523 creatures vanquished

Notes
Turn   | Place    | Note
-------+----------+-------------------------------------------
     0 | D:1      | DwarfAlpaca the Demonspawn Fire Elementalist began the
                  | quest for the Orb.
     0 | D:1      | Reached XP level 1. HP: 13/13 MP: 3/3
   275 | D:1      | Gained mutation: You are partially covered in razor-sharp
                  | scales. (AC +1, Slay +1) [demonic ancestry]
   275 | D:1      | Reached XP level 2. HP: 19/19 MP: 3/5
   750 | D:1      | Reached XP level 3. HP: 24/24 MP: 3/6
   940 | D:1      | Reached skill level 3 in Fire Magic
  1711 | D:1      | Reached XP level 4. HP: 18/30 MP: 1/7
  3065 | D:3      | Found a faded altar of an unknown god.
  3069 | D:3      | Found a hazy altar of Hepliaklqana.
  3156 | D:3      | Found a faded altar of an unknown god.
  3278 | D:3      | Gained mutation: You regenerate magic rapidly. [demonic
                  | ancestry]
  3278 | D:3      | Reached XP level 5. HP: 30/35 MP: 5/9
  3477 | D:3      | Learned a level 3 spell: Conjure Flame
  3637 | D:3      | Identified the +1 dagger "Giantbane" {vorpal, rC+ Int+5}
  3862 | D:4      | Found a blossoming altar of Fedhas.
  3874 | D:4      | Reached skill level 4 in Fire Magic
  4120 | D:4      | Gained mutation: When hurt, damage is shared between your
                  | health and your magic reserves. [demonic ancestry]
  4120 | D:4      | Reached XP level 6. HP: 20/41 MP: 3/11
  4353 | D:4      | Reached skill level 5 in Fire Magic
  4516 | D:4      | Found a shadowy altar of Dithmenos.
  4526 | D:4      | Found an ornate altar of the Wu Jian Council.
  4746 | D:4      | Reached XP level 7. HP: 43/46 MP: 11/13
  4778 | D:4      | Found a runed translucent door.
  4779 | D:4      | Noticed Crazy Yiuf
  5138 | D:4      | Killed Crazy Yiuf
  5431 | D:5      | Entered Level 5 of the Dungeon
  6029 | D:5      | Reached skill level 6 in Fire Magic
  6854 | D:6      | Found a burning altar of Makhleb.
  6935 | D:6      | Found a staircase to the Ecumenical Temple.
  7258 | Temple   | Entered the Ecumenical Temple
  7557 | D:6      | Reached XP level 8. HP: 52/52 MP: 12/15
  7600 | D:6      | Reached skill level 5 in Spellcasting
  7682 | D:6      | You fall into a shaft and drop 3 floors!
  7687 | D:9      | Noticed a two-headed ogre
  7703 | D:9      | Killed a two-headed ogre
  7704 | D:9      | Reached skill level 8 in Fire Magic
  7949 | D:10     | Entered Level 10 of the Dungeon
  7958 | D:11     | Noticed a boulder beetle
  7986 | D:10     | Learned a level 4 spell: Flame Wave
  8107 | D:10     | Noticed a boulder beetle
  8150 | D:10     | Reached XP level 9. HP: 51/57 MP: 13/18
  8184 | D:10     | Reached skill level 9 in Fire Magic
  8257 | D:10     | Noticed a death yak
  8258 | D:10     | Noticed a death yak
  8404 | D:9      | Slain by a wight

Illustrated notes

Levels and vault maps discovered:
D:1:      amcnicky_arrival_blooded_trapdoor, layout_basic,
          amcnicky_mini_rare_corridor_liquid
D:2:      layout_loops_ring
D:3:      layout_loops_ring, nicolae_overflow_ecumenical_swirl,
          shapermc_ecumenical_altar_mp_vishouse
D:4:      layout_rooms, mainiacjoe_overflow_catwalk, minitemple, minivault_14,
          serial_bayou_pond_a, uniq_crazy_yiuf_cottage
D:5:      layout_loops_ring, hangedman_decor_growths
D:6:      layout_basic, mainiacjoe_overflow_tiny_flanked,
          minmay_temple_entry_junction
D:9:      layout_gridville, dancing_weapons_uskayaw, vehumet_altar_wand_db,
          serial_bayou_pond_a, uniq_prince_ribbit1
D:10:     layout_stronghold, mainiacjoe_overflow_24_doors,
          mainiacjoe_overflow_paths, dpeg_lair_monsters,
          chequers_decorated_corner
D:11:     layout_long_grid, orc_david_3
Temple:   minmay_freezing_vapour_temple

Skill      XL: |  1  2  3  4  5  6  7  8  9 |
---------------+----------------------------+-----
Stealth        | 2 |  2.6
Dodging        | 2 |  2.4
Fire Magic     | 3 4 5 6 8 9 |  9.4
Conjurations   | 2 |  2.2
Spellcasting   | 3 4 6 |  6.7

Action                   |  1- 3 |  4- 6 |  7- 9 || total
-------------------------+-------+-------+-------++-------
Melee: Dagger            |    50 |    81 |    34 ||   165
       Punch             |       |     1 |       ||     1
 Cast: Foxfire           |    53 |    79 |   129 ||   261
       Conjure Flame     |       |     3 |    17 ||    20
       Flame Wave        |       |       |     5 ||     5
  Use: Potion            |       |       |     1 ||     1
 Stab: Sleeping          |     4 |     1 |       ||     5
Armor: Robe              |    26 |    21 |    18 ||    65
Dodge: Dodged            |    53 |    69 |    70 ||   192
